 Dungeon Crawl Stone Soup version 0.27.0-1-g7a089689b8 (webtiles) character file.

Game seed: 13680529526743883880

9 Crazydiamond the Ruffian (level 2, -2/25 HPs)
             Began as a Naga Transmuter on Aug 16, 2021.
             Slain by a kobold (3 damage)
             ... on level 1 of the Dungeon.
             The game lasted 00:00:38 (380 turns).

Crazydiamond the Ruffian (Naga Transmuter)           Turns: 380, Time: 00:00:39

Health: -2/25      AC:  1    Str: 12    XL:     2   Next: 12%
Magic:  5/5        EV:  9    Int: 13    God:
Gold:   0          SH:  0    Dex: 11    Spells: 4/5 levels left

rFire    . . .     SeeInvis +     - Unarmed
rCold    . . .     Faith    .   (no shield)
rNeg     . . .     Spirit   .   a - +0 robe
rPois    +         Reflect  .   (helmet currently unavailable)
rElec    .         Harm     .   (no cloak)
rCorr    .         Rampage  .   (no gloves)
Will     .....                  (no barding)
Stlth    +.........             (no amulet)
HPRegen  0.08/turn              (no ring)
MPRegen  0.09/turn              (no ring)

@: appendages (expiring), very slow
A: horns 2, AC +0, large, see invisible, deformed body, poison resistance,
slowness 2, spit poison 1, naga tail 1
a: Spit Poison, End Transformation


You were on level 1 of the Dungeon.
You had temporarily grown beastly horns.
You visited 1 branch of the dungeon, and saw 1 of its levels.

Inventory:

Armour
 a - a +0 robe (worn)


   Skills:
 + Level 1.0 Fighting
 + Level 1.5 Dodging
 + Level 3.4 Unarmed Combat
 + Level 2.2 Spellcasting
 + Level 2.0 Transmutations


You had 4 spell levels left.
You knew the following spells:

 Your Spells              Type           Power      Damage    Failure   Level
a - Beastly Appendage     Tmut           12%        N/A       11%         1

Your spell library contained the following spells:

 Spells                   Type           Power      Damage    Failure   Level
 Wereblood                Tmut           6%         N/A       17%         2
 Spider Form              Tmut/Pois      2%         N/A       45%         3
 Ice Form                 Ice/Tmut       4%         N/A       86%         4


Dungeon Overview and Level Annotations

Branches:
Dungeon (1/15)

Altars:


Innate Abilities, Weirdness & Mutations

You have temporarily grown beastly horns.
Your serpentine skin is tough. (AC +0)
You have supernaturally acute eyesight. (SInv)
Armour fits poorly on your strangely shaped body.
Your system is resistant to poisons. (rPois)
You cover ground very slowly.
You can spit poison.
You have a snake-like lower body.


Message History

HP restored.
You start waiting.
Done waiting.
You enter the shallow water.
Moving in this stuff is going to be slow.
A quokka comes into view.
A kobold comes into view.
It is wielding a +2 vampiric short sword.
The kobold shouts!
Casting: Beastly Appendage (safe; 11% risk of failure)
Confirm with . or Enter, or press ? or * to list all spells.
You grow a pair of large bovine horns.
You closely miss the quokka. Your headbutt misses the quokka.
The quokka misses you. x2
You barely miss the quokka. The quokka bites you.
You barely miss the quokka. The quokka barely misses you.
You miss the quokka. The quokka bites you.
You miss the quokka. The quokka barely misses you.
You hit the quokka.
The quokka is lightly wounded.
The kobold hits you with a +2 vampiric short sword.
The quokka closely misses you.
You barely miss the quokka.
The quokka is lightly wounded.
The kobold hits you with a +2 vampiric short sword.
The quokka closely misses you.
You hit the quokka but do no damage.
The quokka is lightly wounded.
Your transformation is almost over.
The kobold hits you with a +2 vampiric short sword.
* * * LOW HITPOINT WARNING * * *
The quokka misses you.
You hit the quokka.
You kill the quokka!
The kobold barely misses you.
You closely miss the kobold.
The kobold hits you with a +2 vampiric short sword.
* * * LOW HITPOINT WARNING * * *
You closely miss the kobold.
The kobold hits you with a +2 vampiric short sword.
You die...

#........≈P≈≈♣≈≈≈PPP#####
#...........≈♣≈≈≈≈PP....#
#..........PPP♣♣≈)≈≈###.
#..........PP♣♣≈≈≈PP#
#........PPP≈≈♣♣≈P≈.####
##...P≈P≈.≈♣≈≈≈≈PPP#...###
##.PP≈≈≈≈≈♣≈≈≈≈PP##......
##P≈≈♣P≈PPP≈.#####...###
#P.PPP@≈≈P..# ##.##
#....K...#.## #)###
#..........# #...#
#........### ###.##
#........# #... #.........
#.#. #........#. #...
#........#.. .......
..##..#


You could see a kobold.

Vanquished Creatures
  A dart slug (D:1)
  A giant cockroach (D:1)
  A goblin (D:1)
  A quokka (D:1)
  A ball python (D:1)
  2 rats (D:1)
7 creatures vanquished.

Vanquished Creatures (others)
  8 plants (D:1)
8 creatures vanquished.

Grand Total: 15 creatures vanquished

Notes
Turn   | Place    | Note
-------+----------+-------------------------------------------
     0 | D:1      | Crazydiamond the Naga Transmuter began the quest for the
                  | Orb.
     0 | D:1      | Reached XP level 1. HP: 18/18 MP: 3/3
    84 | D:1      | Reached XP level 2. HP: 11/25 MP: 5/5
   379 | D:1      | HP: 1/25 [kobold (5)]
   380 | D:1      | Slain by a kobold

Illustrated notes

Levels and vault maps discovered:
D:1:      dpeg_arrival_rooms_b, layout_rooms, serial_bayou_lagoon_a

Action                   || total
-------------------------++-------
Melee: Unarmed           ||    31
       Headbutt          ||     2
 Cast: Beastly Appendage ||     4
Armor: Robe              ||     2
Dodge: Dodged            ||    17
